 Dungeon Crawl Stone Soup version 0.27.0-1-g7a089689b8 (webtiles) character file.

Game seed: 18053292221097627283

9 Descartes the Ducker (level 2, -7/14 HPs)
             Began as a Felid Monk on Aug 1, 2021.
             Killed from afar by Sigmund (9 damage)
             ... with a magic dart
             ... on level 2 of the Dungeon.
             The game lasted 00:00:47 (688 turns).

Descartes the Ducker (Felid Monk)                    Turns: 688, Time: 00:00:47

Health: -7/14      AC:  1    Str:  7    XL:     2   Next: 3%
Magic:  3/3        EV: 19    Int: 11    God:
Gold:   44         SH:  0    Dex: 18    Spells: 1/1 levels left
                                        Lives:  0   Deaths: 0

rFire    . . .     SeeInvis +     - Unarmed
rCold    . . .     Faith    .   (shield unavailable)
rNeg     . . .     Spirit   .   (armour unavailable)
rPois    .         Reflect  .   (helmet unavailable)
rElec    .         Harm     .   (cloak unavailable)
rCorr    .         Rampage  .   (gloves unavailable)
Will     .....                  (boots unavailable)
Stlth    +++.......             (no amulet)
HPRegen  0.04/turn              (no ring)
MPRegen  0.08/turn              (no ring)

@: quick
A: very small, claws 1, fangs 3, see invisible, speed 1, shaggy fur 1, stealthy
paws, no weapons or thrown items, no armour, multi-lived
a: no special abilities


You were on level 2 of the Dungeon.
You visited 1 branch of the dungeon, and saw 2 of its levels.

You collected 44 gold pieces.

You aren't carrying anything.


   Skills:
 - Level 3.0 Fighting
 + Level 4.2 Dodging
 + Level 3.2 Stealth
 + Level 3.2 Unarmed Combat


You had one spell level left.
You didn't know any spells.
Your spell library was empty.

Dungeon Overview and Level Annotations

Branches:
Dungeon (2/15)

Altars:

Annotations:
D:2 Sigmund


Innate Abilities, Weirdness & Mutations

You have sharp claws.
You have razor-sharp teeth.
You have supernaturally acute eyesight. (SInv)
You cover ground quickly. (Speed+)
You are covered in fur. (AC +1)
Your paws help you pounce on unaware monsters.
You are incapable of wielding weapons or throwing items.
You cannot wear armour.
You gain extra lives every three experience levels.


Message History

No target in view!
No target in view!
A goblin comes into view. It is wielding a +0 dagger.
The goblin shouts!
Found 10 sling bullets.
The goblin completely misses you.
You closely miss the goblin. The goblin barely misses you.
You scratch the goblin.
The goblin is heavily wounded.
The goblin closely misses you.
You scratch the goblin.
You kill the goblin!
You have reached level 2!
You see here a +0 dagger.
Found a ring mail.
Found a stone staircase leading down.
No target in view!
There is a stone staircase leading down here.
There is a faded altar of an unknown god here.
There is a faded altar of an unknown god here.
Done exploring.
Done exploring.
There is a stone staircase leading down here.
You climb downwards.
There is a stone staircase leading up here.
Sigmund the Dreaded comes into view.
He is wielding a +0 scythe and wearing a +2 robe of willpower.
Found 8 gold pieces.
You pounce on the unaware helpless Sigmund!
You mangle Sigmund!!
Sigmund is severely wounded.
Sigmund casts a spell at you. The puff of flame hits you!
Ouch! That really hurt!
* * * LOW HITPOINT WARNING * * *
You closely miss Sigmund.
Sigmund is severely wounded.
Sigmund points at you and mumbles some strange words.
The magic dart hits you!
Ouch! That really hurt!
You die...

#. #.# #.#
## #.##.##
##.#.$.####
#.........+
#...@..#
#..@# ##.##
#.# #<# #.#
#.# #.# #.#
#..


You could see Sigmund.

Vanquished Creatures
  A dart slug (D:1)
  A ball python (D:1)
  A bat (D:1)
  A goblin (D:1)
  A kobold (D:1)
  A frilled lizard (D:1)
6 creatures vanquished.

Notes
Turn   | Place    | Note
-------+----------+-------------------------------------------
     0 | D:1      | Descartes the Felid Monk began the quest for the Orb.
     0 | D:1      | Reached XP level 1. HP: 10/10 MP: 2/2
    20 | D:1      | Found a faded altar of an unknown god.
   416 | D:1      | Reached XP level 2. HP: 14/14 MP: 3/3
   684 | D:2      | Noticed Sigmund
   688 | D:2      | Killed from afar by Sigmund

Illustrated notes

Levels and vault maps discovered:
D:1:      dpeg_arrival_rhombus, layout_loops_cross,
          shapermc_ecumenical_altar_mp_highgroup
D:2:      layout_loops_corners, serial_shops, shop, nicolae_shop_waterfront,
          nicolae_shop_statue_plus, nicolae_diamond_shop, uniq_sigmund

Skill      XL: |  1 |
---------------+----+-----
Stealth        | 3 |  3.2
Fighting       | |  3.0
Dodging        | |  4.2
Unarmed Combat | |  3.2

Action                   || total
-------------------------++-------
Melee: Unarmed           ||    19
       Bite              ||     1
 Stab: Sleeping          ||     1
Armor: Skin              ||     2
Dodge: Dodged            ||    11
